 Seeded DCSS version 0.28.0-62-gf88900778d (webtiles) character file.

Game seed: 13591998346360536447 (custom seed)

590 Psyclone the Destroyer (level 7, -1/36 HPs)
             Began as a Deep Elf Conjurer on Oct 17, 2023.
             Slain by an ufetubus (2 damage)
             ... on level 5 of the Dungeon.
             The game lasted 00:05:57 (4275 turns).

Psyclone the Destroyer (Deep Elf Conjurer)          Turns: 4275, Time: 00:05:58

Health: -1/36      AC:  6    Str:  6    XL:     7   Next: 16%
Magic:  2/13       EV: 12    Int: 35    God:
Gold:   4003       SH:  0    Dex: 13    Spells: 5/12 levels left

rFire   x . .      SeeInvis .   m - +1 whip of Eternal Harmony {flame, rElec Int+2}
rCold   . . .      Faith    .   (no shield)
rNeg    . . .      Spirit   .   a - +0 robe
rPois   +          Reflect  .   h - +1 hat
rElec   +          Harm     .   e - +2 cloak of the Hidden Vale {rPois rF- Str+2 Int+8}
rCorr   .          Rampage  .   (no gloves)
Will    .....                   (no boots)
Stlth   ++........              (no amulet)
HPRegen 0.12/turn               (no ring)
MPRegen 0.13/turn               (no ring)

@: marked, hasted, very quick
A: no striking features
a: no special abilities


You were on level 5 of the Dungeon.
You visited 1 branch of the dungeon, and saw 5 of its levels.

You collected 4003 gold pieces.

Inventory:

Hand Weapons
 b - a +0 dagger
 m - the +1 whip of Eternal Harmony (weapon) {flame, rElec Int+2}
   (You found it on level 3 of the Dungeon)

   It burns those it strikes, dealing additional fire damage.
   Int:       It affects your intelligence (+2).
   rElec:     It insulates you from electricity.
Armour
 a - a +0 robe (worn)
 e - the +2 cloak of the Hidden Vale (worn) {rPois rF- Str+2 Int+8}
   (You acquired it on level 4 of the Dungeon)

   Str:       It affects your strength (+2).
   Int:       It affects your intelligence (+8).
   rF:        It makes you vulnerable to fire.
   rPois:     It protects you from poison.
 h - a +1 hat (worn)
Jewellery
 j - a ring of protection from fire
 n - a ring of resist corrosion
 o - a ring of protection from fire
Wands
 q - a wand of flame (48)
 t - a wand of mindburst (17)
Scrolls
 d - 5 scrolls of identify {@r1}
 i - a scroll of torment {unknown}
 k - 2 scrolls of summoning {unknown}
 p - a scroll of vulnerability {unknown}
 s - 2 scrolls of teleportation {unknown}
Potions
 f - a potion of mutation {unknown}
 g - 2 potions of haste
 l - a potion of lignification {unknown}
 r - a potion of heal wounds {unknown}
 u - a potion of ambrosia {unknown}


   Skills:
 - Level 2.4 Dodging
 - Level 2.4 Stealth
 - Level 3.0 Spellcasting
 + Level 9.6 Conjurations


You had 5 spell levels left.
You knew the following spells:

 Your Spells              Type           Power      Damage    Failure   Level
a - Magic Dart            Conj           100%       1d8       1%          1
b - Searing Ray           Conj           100%       2d8       1%          2
d - Fulminant Prism       Conj/Hex       19%        3d11      7%          4

Your spell library contained the following spells:

 Spells                   Type           Power      Damage    Failure   Level
 Static Discharge         Conj/Air       38%        N/A       1%          2
 Dazzling Flash           Conj/Hex       76%        N/A       2%          3
 Iskenderun's Mystic Bla  Conj/Tloc      38%        2d9       7%          4
 Sticky Flame             Conj/Fire      38%        2d6       7%          4
 Sublimation of Blood     Necr           5%         N/A       8%          2
 Wereblood                Tmut           5%         N/A       8%          2
 Ozocubu's Armour         Ice            5%         N/A       16%         3
 Dispel Undead            Necr           5%         3d7       45%         4
 Ozocubu's Refrigeration  Ice            2%         4d5       100%        7
 Summon Hydra             Summ           2%         N/A       100%        7


Dungeon Overview and Level Annotations

Branches:
Dungeon (5/15)
 Temple: D:4-7

Altars:
Hepliaklqana
Sif Muna
The Shining One

Annotations:
D:3 2 transporters, Fos Wory's ghost, amateur MiBe
D:4 exclusion: 2 downstairs
D:5 Edmund; Ijyb; Sigmund


Message History

You take 4 damage, and have 32/36 hp.
The bullfrog zombie closely misses you. The bullfrog zombie hits you.
You take 2 damage, and have 30/36 hp.
You barely miss the bullfrog zombie.
The bullfrog zombie is heavily damaged.
The bullfrog zombie hits you but does no damage.
Sigmund the Dreaded comes into view.
He is wielding a +1 vorpal scythe.
A white imp comes into view.
The ufetubus hits you but does no damage.
The ufetubus misses you. Sigmund looks at you with fury.
You hit the ufetubus but do no damage. The ufetubus hits you.
The ufetubus closely misses you.
You take 3 damage, and have 28/36 hp.
You hit the ufetubus. You burn the ufetubus.
The ufetubus is moderately wounded.
The ufetubus misses you. x2; The ufetubus hits you.
The ufetubus barely misses you. Sigmund casts a spell at you.
The puff of flame hits you! The fire burns you terribly!
You take 13 damage, and have 15/36 hp.
MASSIVE DAMAGE!!
You closely miss the ufetubus.
The ufetubus is moderately wounded.
The ufetubus barely misses you. The ufetubus hits you. The ufetubus misses you.
The ufetubus closely misses you.
You take 2 damage, and have 13/36 hp.
As you read the scroll labelled YZIKUSH NUQODEWU, it crumbles to dust.
It is a scroll of amnesia.
Really abort (and waste the scroll)? [Y]es or [N]o only, please.
Really abort (and waste the scroll)?
Okay, then.
The ufetubus hits you but does no damage.
The ufetubus misses you.
Sigmund hits you from afar with a +1 vorpal scythe!
* * * LOW HITPOINT WARNING * * *
x2 You take 12 damage, and have 1/36 hp.
MASSIVE DAMAGE!!
Okay, then.
It was a potion of haste.
You feel yourself speed up. The ufetubus hits you.
You die...

.....################
###..#...............
#..........##.....##
#..###.###.##.....####
# #.# #.##........#
#..###'###5##........#
#....'_###@##.Z......#
##.###'###.##.........
#. #.# #@##.....###
+.###.###5##.....#
#........ZZ......#
#....##########+##
#..........####
#....###......#
........# #......#
##...#### #...<..#
#... #...>..#


You could see Sigmund, a white imp, an ufetubus, a water moccasin zombie and a
bullfrog zombie.

Vanquished Creatures
  An ice beast (D:5)
  A sky beast (D:5)
  A hound (D:4)
  An orc priest (D:5)
  2 bullfrog skeletons
  An iguana (D:5)
  Natasha (thrice) (D:2)
  3 hound skeletons
  2 adders
  3 gnolls (D:4)
  2 adder skeletons (D:4)
  3 worms
  6 dart slugs
  2 orcs
  3 bats
  8 endoplasms
  2 giant cockroaches
  10 hobgoblins
  5 jackals
  8 kobolds
  3 quokkas
  5 ball pythons
  A frilled lizard (D:2)
  4 goblins
  9 rats
  A spectral hobgoblin (D:4)
90 creatures vanquished.

Vanquished Creatures (others)
  2 fulminant prisms (D:5)
2 creatures vanquished.

Grand Total: 92 creatures vanquished

Notes
Turn   | Place    | Note
-------+----------+-------------------------------------------
     0 | D:1      | Psyclone the Deep Elf Conjurer began the quest for the Orb.
     0 | D:1      | Reached XP level 1. HP: 10/10 MP: 6/6
   178 | D:2      | Reached XP level 2. HP: 15/15 MP: 6/8
   181 | D:2      | Learned a level 2 spell: Searing Ray
   211 | D:2      | Reached skill level 5 in Conjurations
   273 | D:2      | Identified 3 scrolls of acquirement
   286 | D:3      | Found a glowing golden altar of the Shining One.
   337 | D:4      | Acquired the +2 cloak of the Hidden Vale {rPois rF- Str+2
                  | Int+8}
   340 | D:4      | Acquired 1255 gold pieces
   346 | D:4      | Acquired 1352 gold pieces
   357 | D:4      | Acquired 1218 gold pieces
   395 | D:4      | Reached XP level 3. HP: 18/19 MP: 0/9
   569 | D:4      | Reached skill level 6 in Conjurations
   569 | D:4      | Reached XP level 4. HP: 22/24 MP: 5/10
   658 | D:4      | Found a hazy altar of Hepliaklqana.
   802 | D:4      | Reached skill level 7 in Conjurations
   802 | D:4      | Reached XP level 5. HP: 28/28 MP: 6/11
  1261 | D:3      | Found a transporter.
  1263 | D:3      | Noticed Fos Wory's ghost (amateur MiBe)
  1307 | D:3      | Learned a level 4 spell: Fulminant Prism
  1420 | D:3      | Found a transporter.
  2142 | D:3      | Identified the +1 whip of Eternal Harmony {flame, rElec
                  | Int+2}
  2168 | D:2      | Found a faded altar of an unknown god.
  2222 | D:2      | Noticed Natasha
  2228 | D:2      | Killed Natasha
  2750 | D:2      | Noticed Natasha
  2759 | D:2      | Killed Natasha
  2897 | D:2      | Reached skill level 8 in Conjurations
  3001 | D:2      | Noticed Natasha
  3003 | D:2      | Killed Natasha
  3004 | D:2      | Reached XP level 6. HP: 32/32 MP: 8/12
  3824 | D:5      | Entered Level 5 of the Dungeon
  3827 | D:5      | Noticed Edmund
  3829 | D:5      | Noticed Ijyb
  4176 | D:5      | Found a shimmering blue altar of Sif Muna.
  4206 | D:5      | Noticed an ice beast
  4210 | D:5      | Killed an ice beast
  4211 | D:5      | Reached skill level 9 in Conjurations
  4252 | D:5      | Noticed a sky beast
  4260 | D:5      | Killed a sky beast
  4261 | D:5      | Reached XP level 7. HP: 36/36 MP: 3/13
  4269 | D:5      | Noticed Sigmund
  4274 | D:5      | HP: 1/36 [Sigmund/+1 vorpal scythe (1)]
  4275 | D:5      | Slain by an ufetubus

Illustrated notes

Levels and vault maps discovered:
D:1:      wander_arrival_fairy_ring, layout_basic, chequers_serial_rivers_room_a
D:2:      layout_loops_ring, shapermc_ecumenical_altar_venn, uniq_natasha
D:3:      layout_loops_ring, mainiacjoe_overflow_chevrons,
          gammafunk_ghost_arena, hangedman_glass_teeth
D:4:      layout_basic, nicolae_hepliaklqana_monster_ancestors,
          due_unseen_surprise
D:5:      layout_basic, lemuel_doored_altar, overflow_temple_1_default,
          amethyst_overflow_temple_binary, minmay_manual_mess, uniq_ijyb,
          uniq_edmund, uniq_sigmund, uniq_menkaure

Skill      XL: |  1  2  3  4  5  6 |
---------------+-------------------+-----
Conjurations   | 5 6 7 8 9 |  9.6
Dodging        | |  2.4
Stealth        | |  2.4
Spellcasting   | |  3.0

Action                   |  1- 3 |  4- 6 |  7- 9 || total
-------------------------+-------+-------+-------++-------
Melee: Dagger            |     3 |       |       ||     3
       Whip              |       |     1 |     4 ||     5
 Cast: Magic Dart        |    22 |    86 |       ||   108
       Searing Ray       |     5 |    27 |     1 ||    33
       Fulminant Prism   |       |     2 |       ||     2
  Use: Scroll            |     5 |       |     1 ||     6
       Potion            |       |       |     1 ||     1
 Stab: Sleeping          |       |     1 |       ||     1
Armor: Robe              |     4 |     8 |     4 ||    16
Dodge: Dodged            |     4 |    15 |    12 ||    31
